 Dungeon Crawl Stone Soup version 0.23.2-30-g0e89c35649 (webtiles) character file.

Game seed: 13078251931725837200

33611 shadizar the Fighter (level 13, -7/85 HPs)
             Began as a Gargoyle Fighter on June 15, 2019.
             Was a High Priest of the Shining One.
             Killed by divine providence
             ... invoked by an orc priest
              (15 damage)
             ... on level 2 of the Orcish Mines.
             The game lasted 00:30:02 (15677 turns).

shadizar the Fighter (Gargoyle Fighter)            Turns: 15677, Time: 00:30:03

Health: -7/85      AC: 36    Str: 23      XL:     13   Next: 72%
Magic:  18/18      EV: 12    Int:  9 (11) God:    the Shining One [*****.]
Gold:   1803       SH: 12    Dex: 13      Spells: 12/12 levels left

rFire    + . .     SeeInvis .   v - +6 spear "Xasequus" {pierce, *Corrode Dex+4}
rCold    + . .     Gourm    .   c - +0 shield
rNeg     + + +     Faith    .   u - +0 crystal plate armour
rPois    ∞         Spirit   .   Z - +2 helmet
rElec    +         Reflect  .   x - scarf {rC+ rF+}
rCorr    .         Harm     +   (no gloves)
MR       .....                  y - +1 pair of boots
Stlth    ..........             E - amulet of harm
HPRegen  0.24/turn              C - +5 ring of evasion
MPRegen  0.16/turn              (no ring)

@: glowing
A: negative energy resistance 1, electricity resistance, unbreathing,
petrification resistance, rot immunity, AC +9
a: Divine Shield, Cleansing Flame, Summon Divine Warrior, Renounce Religion


You were on level 2 of the Orcish Mines.
You worshipped the Shining One.
The Shining One was extremely pleased with you.
You were hungry.

You visited 4 branches of the dungeon, and saw 18 of its levels.
You also visited: Ossuary.

You collected 1803 gold pieces.

Inventory:

Hand Weapons
 v - the +6 spear "Xasequus" (weapon) {pierce, *Corrode Dex+4}
   (You found it on level 5 of the Dungeon)

   It inflicts extra damage upon your enemies.
   It affects your dexterity (+4).
   It may corrode you when you take damage.
Armour
 c - a +0 shield (worn)
 u - a +0 crystal plate armour (worn)
 x - a scarf of resistance (worn)
 y - a +1 pair of boots (worn)
 Z - a +2 helmet (worn)
Jewellery
 j - an uncursed ring of ice
 n - an uncursed ring of fire
 q - an uncursed amulet of rage
 B - the ring "Buenar" {Wiz +Fly MR- Str+4}
   (You found it on level 5 of the Dungeon)

   [ring of wizardry]

   It improves your spell success rate.
   It affects your strength (+4).
   It affects your resistance to hostile enchantments.
   It lets you fly.
 C - a +5 ring of evasion (left hand)
 E - an amulet of harm (around neck)
Wands
 b - a wand of disintegration (30)
 I - a wand of scattershot (2)
 J - a wand of flame (49)
 N - a wand of iceblast (6)
 S - a wand of polymorph (10)
Scrolls
 g - 6 scrolls of teleportation
 k - 2 scrolls of magic mapping
 m - 10 scrolls of remove curse
 p - 2 scrolls of enchant armour
 t - a scroll of fog
 P - a scroll of fear
 R - 2 scrolls of enchant weapon
Potions
 d - a potion of lignification {unknown}
 i - 4 potions of haste
 o - 2 potions of degeneration {unknown}
 r - 3 potions of flight {unknown}
 s - 3 potions of berserk rage {unknown}
 H - 3 potions of agility
 K - 3 potions of curing
 M - 3 potions of might
 O - a potion of resistance {unknown}
 W - a potion of cancellation {unknown}
 X - a potion of magic {unknown}
Miscellaneous
 V - a phial of floods
Comestibles
 f - 33 rations


   Skills:
 + Level 11.7 Fighting
   Level 4.1 Maces & Flails
 + Level 7.7 Polearms
 + Level 10.4 Armour
 + Level 7.5 Dodging
 + Level 10.6 Shields
 + Level 7.8 Invocations
 - Level 6.4 Evocations


You had 12 spell levels left.
You didn't know any spells.
Your spell library contained the following spells:

 Spells                   Type           Power        Failure   Level  Hunger
 Magic Dart               Conj           #...         100%        1    ##.....
 Searing Ray              Conj           #.....       100%        2    ###....
 Dazzling Spray           Conj/Hex       #.....       100%        3    ####...
 Force Lance              Conj/Tloc      #.......     100%        4    #####..
 Fulminant Prism          Conj/Hex       #.........   100%        4    #####..
 Iskenderun's Mystic Bla  Conj           #.......     100%        4    #####..


Dungeon Overview and Level Annotations

Branches:
Dungeon (9/15)             Temple (1/1) D:7            Lair (6/6) D:8
  Swamp (0/4) Lair:4        Snake (0/4) Lair:2        Slime (0/5) Lair:6
    Orc (2/2) D:9             Elf (0/3) Orc:2

Altars:
Ashenzari
Cheibriados
Dithmenos
Elyvilon
Fedhas
Gozag
Hepliaklqana
Kikubaaqudgha
Makhleb
Nemelex Xobeh
Okawaru
Qazlal
Ru
Sif Muna
Trog
Uskayaw
Vehumet
Wu Jian
Xom
Yredelemnul
Zin
The Shining One
Beogh

Shops:
D:5 *

Annotations:
D:3 3 runed translucent doors, Pyrotika's ghost, amateur HOFi
D:4 2 transporters, kalagan's ghost, amateur DEEE
Lair:4 exclusion: ice statue
Lair:6 2 transporters, teukkam's ghost, journeyman MiFi


Innate Abilities, Weirdness & Mutations

You are resistant to torment.
Your stone body is resilient. (AC +9)
You are immune to poison.
You resist negative energy. (rN+)
You are resistant to electric shocks. (rElec)
You can survive without breathing.
You are immune to petrification.
You are immune to rotting.


Message History

You are unaffected.
Unknown command.
Unknown command.
Unknown command.
Your crystal plate armour prevents you from hitting the orc high priest.
The orc high priest is severely wounded.
The orc warrior hits you but does no damage.
The soul eater hits you!
* * * LOW HITPOINT WARNING * * *
The orc high priest invokes the aid of Beogh against you.
You are unaffected.
Unknown command.
Unknown command.
You hit the orc high priest.
The orc high priest is almost dead.
The soul eater hits you!
* * * LOW HITPOINT WARNING * * *
The orc priest calls down the wrath of Beogh upon you.
Beogh smites you!
You die...

..........)).####.##
.........)<)..# ###
.........))...##
........)......####
...).........)###.##
#.)................#
##.............3..##
#..............3########
..............3o@ooo...##
......###############§..##
#....## ##...# .#..##
##..# ##..# #).# ##..#
#..# #..# #.3# #..# #..#
#..# #..#


You could see 2 soul eaters, an orc high priest, a neqoxec, an orc warrior, an
orc priest and an orc wizard.

Vanquished Creatures
  A stone giant (Orc:1)
  Josephine (Lair:6)
  2 hydras
  An orc high priest (D:9)
  15 spriggans (Lair:6)
  An orc sorcerer (Orc:2)
  2 black mambas (Lair:6)
  4 spiny frogs
  A freezing wraith (Lair:4)
  4 komodo dragons
  8 polar bears
  5 hornets (Lair:6)
  A slime creature (Lair:6)
  10 hippogriffs
  15 blink frogs
  A dream sheep (Lair:6)
  19 yaks
  4 basilisks
  4 wraiths (Lair:6)
  Edmund (D:5)
  Menkaure (Ossuary)
  A naga (Lair:2)
  9 water moccasins
  14 porcupines
  14 orc warriors
  9 ice beasts
  3 sky beasts
  5 black bears
  A phantom (D:7)
  A necrophage (D:3)
  5 ogres
  3 boggarts (Lair:6)
  24 wolves
  10 crocodiles
  A big kobold (D:8)
  11 bullfrogs
  A scorpion (D:7)
  A water moccasin zombie (D:7)
  A howler monkey (D:6)
  A bullfrog zombie (D:9)
  3 centaur zombies
  A human zombie (Ossuary)
  13 orc priests
  4 hounds
  4 jellies
  2 gnoll shamans
  15 orc wizards
  A bullfrog skeleton (D:6)
  5 iguanas
  10 hell rats
  7 worker ants
  3 ogre zombies (Ossuary)
  6 mummies (Ossuary)
  A hound skeleton (D:8)
  A howler monkey zombie (D:6)
  9 gnolls
  5 adders
  6 river rats (Lair:6)
  2 white imps (Lair:4)
  5 adder zombies (Ossuary)
  An adder skeleton (D:6)
  2 worms
  2 dart slugs (D:2)
  2 leopard geckos
  35 orcs
  5 giant cockroaches
  8 hobgoblins
  4 jackals (D:3)
  2 quokkas
  5 bats
  9 frilled lizards
  6 goblins
  4 goblin zombies (Ossuary)
  7 hobgoblin zombies (Ossuary)
  A jackal skeleton (D:8)
  11 kobolds
  2 kobold zombies (Ossuary)
  A leopard gecko skeleton (D:3)
  5 quokka zombies
  21 rats
  4 rat zombies
456 creatures vanquished.

Vanquished Creatures (others)
  A plant (Lair:1)
1 creature vanquished.

Grand Total: 457 creatures vanquished

Notes
Turn   | Place    | Note
-------+----------+-------------------------------------------
     0 | D:1      | shadizar the Gargoyle Fighter began the quest for the Orb.
     0 | D:1      | Reached XP level 1. HP: 14/14 MP: 1/1
   113 | D:1      | Reached XP level 2. HP: 17/19 MP: 2/2
   166 | D:1      | Reached XP level 3. HP: 20/24 MP: 3/3
   735 | D:2      | Found a hide-covered altar of Uskayaw.
   760 | D:2      | Found a sacrificial altar of Ru.
   898 | D:2      | Reached XP level 4. HP: 26/29 MP: 4/4
  1387 | D:3      | Found a runed translucent gate.
  1420 | D:3      | Found a runed translucent gate.
  1462 | D:3      | Reached skill level 1 in Dodging
  1613 | D:3      | Found a runed translucent gate.
  1679 | D:3      | Noticed a necrophage
  1710 | D:3      | Killed a necrophage
  1710 | D:3      | Reached skill level 4 in Fighting
  1710 | D:3      | Reached XP level 5. HP: 12/33 MP: 5/5
  2109 | D:3      | Noticed Pyrotika's ghost (amateur HOFi)
  2512 | D:3      | Reached XP level 6. HP: 28/38 MP: 6/6
  2548 | D:5      | Entered Level 5 of the Dungeon
  2698 | D:4      | Noticed kalagan's ghost (amateur DEEE)
  2707 | D:4      | Found a transporter.
  2716 | D:4      | Found a transporter.
  3012 | D:5      | Noticed a sky beast
  3106 | D:5      | Killed a sky beast
  3150 | D:5      | Got a twisted spear
  3299 | D:5      | Found Zin's Purification Station.
  3314 | D:5      | Found a glowing silver altar of Zin.
  3377 | D:5      | Noticed Edmund
  3388 | D:5      | Killed Edmund
  3388 | D:5      | Reached skill level 5 in Shields
  3388 | D:5      | Reached XP level 7. HP: 44/44 MP: 7/7
  3410 | D:5      | Got a faintly glowing gossamer ring
  3483 | D:5      | Found a basalt altar of Yredelemnul.
  3674 | D:5      | Identified the ring "Buenar" {Wiz +Fly MR- Str+4} (You
                  | found it on level 5 of the Dungeon)
  3678 | D:5      | Identified the +6 spear "Xasequus" {pierce, *Corrode Dex+4}
                  | (You found it on level 5 of the Dungeon)
  3732 | D:6      | Reached skill level 5 in Fighting
  4075 | D:6      | Reached skill level 1 in Polearms
  4075 | D:6      | Reached skill level 5 in Armour
  4107 | D:6      | Found an opulent altar of Gozag.
  4276 | D:6      | Reached XP level 8. HP: 51/51 MP: 8/8
  4431 | D:6      | Reached skill level 6 in Fighting
  4437 | D:6      | Found a bloodstained altar of Trog.
  4611 | D:7      | Found a staircase to the Ecumenical Temple.
  4630 | D:7      | Reached skill level 7 in Fighting
  4674 | D:7      | HP: 1/53 [orc priest/divine providence (13)]
  4747 | D:6      | Reached XP level 9. HP: 35/57 MP: 9/9
  4918 | D:7      | Found a sand-covered staircase.
  4925 | Ossuary  | Entered an ossuary
  5202 | Ossuary  | Noticed Menkaure
  5224 | Ossuary  | Killed Menkaure
  5813 | Temple   | Entered the Ecumenical Temple
  5848 | Temple   | Became a worshipper of the Shining One
  6110 | D:8      | Found an iron altar of Okawaru.
  6156 | D:8      | Reached skill level 8 in Fighting
  6268 | D:8      | Found an ornate altar of the Wu Jian Council.
  6637 | D:8      | Found a staircase to the Lair.
  6866 | D:9      | Found a stormy altar of Qazlal.
  6968 | D:9      | Reached skill level 1 in Invocations
  6968 | D:9      | Reached XP level 10. HP: 64/65 MP: 10/10
  6995 | D:9      | Reached skill level 1 in Evocations
  7071 | D:9      | Found a staircase to the Orcish Mines.
  7501 | Lair:1   | Entered Level 1 of the Lair of Beasts
  7589 | Lair:1   | Reached skill level 9 in Fighting
  7734 | Lair:1   | Reached * piety under the Shining One
  7850 | Lair:1   | Noticed a spiny frog
  7859 | Lair:1   | Killed a spiny frog
  7926 | Lair:1   | Reached skill level 5 in Dodging
  7943 | Lair:1   | Reached skill level 5 in Polearms
  8203 | Lair:1   | Noticed a four-headed hydra
  8213 | Lair:1   | Killed a four-headed hydra
  8213 | Lair:1   | Reached XP level 11. HP: 49/72 MP: 13/13
  8895 | Lair:2   | Reached skill level 10 in Fighting
  8954 | Lair:2   | Found a staircase to the Snake Pit.
  9675 | Lair:3   | Reached skill level 5 in Invocations
  9829 | Lair:3   | Noticed an eight-headed hydra
  9837 | Lair:3   | Killed an eight-headed hydra
  9853 | Lair:3   | Reached ** piety under the Shining One
  9857 | Lair:3   | Reached XP level 12. HP: 77/78 MP: 15/15
 10477 | Lair:4   | Found a staircase to the Swamp.
 11290 | Lair:5   | Reached skill level 5 in Evocations
 12280 | Lair:6   | Entered Level 6 of the Lair of Beasts
 12280 | Lair:6   | Identified the +12 trident of Chaos {protect, rF+}
 12280 | Lair:6   | Noticed a spriggan rider
 12328 | Lair:6   | Identified the +4 trident of Eternal Harmony {freeze, *Slow
                  | rF++ Int+3 Dex+2}
 12328 | Lair:6   | Noticed a spriggan rider
 12404 | Lair:6   | Noticed Josephine
 12404 | Lair:6   | Reached *** piety under the Shining One
 12418 | Lair:6   | Killed Josephine
 12433 | Lair:6   | Reached skill level 11 in Fighting
 12609 | Lair:6   | Noticed teukkam's ghost (journeyman MiFi)
 12615 | Lair:6   | Found a bloodstained altar of Trog.
 12637 | Lair:6   | Found a transporter.
 12640 | Lair:6   | Found a transporter.
 13011 | Lair:6   | Found a staircase to the Slime Pits.
 13017 | Lair:6   | Reached skill level 10 in Shields
 13039 | Lair:6   | Reached XP level 13. HP: 78/84 MP: 18/18
 13342 | Lair:6   | Reached skill level 10 in Armour
 13474 | Lair:6   | Reached **** piety under the Shining One
 14536 | Orc:1    | Entered Level 1 of the Orcish Mines
 14972 | Orc:1    | Noticed a stone giant
 14996 | Orc:1    | Killed a stone giant
 15296 | Orc:1    | Found a roughly hewn altar of Beogh.
 15395 | Orc:2    | Entered Level 2 of the Orcish Mines
 15491 | Orc:2    | Found a staircase to the Elven Halls.
 15656 | Orc:2    | Reached ***** piety under the Shining One
 15677 | Orc:2    | Killed from afar by an orc priest

Skill      XL: |  1  2  3  4  5  6  7  8  9 10 11 12 13 |
---------------+----------------------------------------+-----
Dodging        | 1 2 3 4 5 6 7 |  7.5
Fighting       | 4 5 7 8 9 10 11 | 11.7
Maces & Flails | 3 4 |  4.1
Armour         | 4 5 6 7 8 9 10 | 10.4
Shields        | 4 5 6 7 8 9 10 | 10.6
Polearms       | 1 2 4 5 6 7 |  7.7
Invocations    | 1 3 5 6 7 |  7.8
Evocations     | 3 4 5 6 |  6.4

Action                   |  1- 3 |  4- 6 |  7- 9 | 10-12 | 13-15 || total
-------------------------+-------+-------+-------+-------+-------++-------
Melee: Flail             |   106 |   331 |    12 |       |       ||   449
       Spear             |       |       |   384 |   760 |   655 ||  1799
  Use: Potion            |       |     1 |     4 |       |     3 ||     8
       Scroll            |       |       |       |    17 |     2 ||    19
  Eat: Chunk             |       |     9 |     9 |    16 |     9 ||    43
       Ration            |       |       |     1 |     1 |       ||     2
Armor: Scale mail        |    69 |    63 |       |       |       ||   132
       Crystal plate arm |       |   156 |   159 |   376 |   319 ||  1010
Dodge: Dodged            |    37 |    55 |    61 |   236 |   227 ||   616
Block: Shield            |    55 |   147 |   153 |   432 |   436 ||  1223
